 Dungeon Crawl Stone Soup version 0.22-a0-455-ga0624bf (webtiles) character file.

163 KristoblXynda the Slasher (level 5, -8/45 HPs)
             Began as a Naga Gladiator on June 5, 2018.
             Splashed by Ijyb's acid (9 damage)
             ... on level 3 of the Dungeon.
             The game lasted 00:03:44 (2124 turns).

KristoblXynda the Slasher (Naga Gladiator)          Turns: 2124, Time: 00:03:45

Health: -8/45      AC:  6    Str: 18    XL:     5   Next: 44%
Magic:  5/5        EV: 10    Int:  8    God:
Gold:   128        SH:  0    Dex: 12    Spells: 4/4 levels left

rFire    . . .     SeeInvis +   a - +0 long sword
rCold    . . .     Gourm    .   (no shield)
rNeg     . . .     Faith    .   q - +0 ring mail (curse)
rPois    +         Spirit   .   c - +0 helmet
rElec    .         Reflect  .   g - +0 cloak {rPois}
rCorr    .         Harm     .   (no gloves)
MR       .....                  (no barding)
Stlth    +.........             (no amulet)
HPRegen  0.15/turn              p - ring of poison resistance
MPRegen  0.09/turn              (no ring)

@: very slow
A: large, see invisible, deformed body, poison resistance, slowness 2, slow
metabolism 1, spit poison 1, AC +1
a: Spit Poison


You were on level 3 of the Dungeon.
You were not hungry.

You visited 1 branch of the dungeon, and saw 3 of its levels.

You collected 128 gold pieces.

Inventory:

Hand Weapons
 a - a +0 long sword (weapon)
Missiles
 d - 3 throwing nets (quivered)
Armour
 c - a +0 helmet (worn)
 g - a +0 cloak of poison resistance (worn)
 q - a cursed +0 ring mail (worn)
Jewellery
 p - a ring of poison resistance (left hand)
Scrolls
 b - a scroll of noise {unknown}
 e - a scroll of magic mapping
 j - a scroll of teleportation
 r - a scroll of enchant armour {unknown}
Potions
 h - a potion of might {unknown}
 i - 2 potions of haste
 l - a potion of flight {unknown}
 n - 2 potions of resistance {unknown}
 o - a potion of curing {unknown}
 s - 2 potions of heal wounds
Comestibles
 f - 4 rations
 k - 2 chunks of flesh


   Skills:
 - Level 2.0 Fighting
 * Level 4.6 Long Blades
 - Level 2.0 Throwing
 + Level 1.5 Armour
 + Level 3.2 Dodging


You had 4 spell levels left.
You didn't know any spells.
Your spell library was empty.

Dungeon Overview and Level Annotations

Branches:
Dungeon (3/15)

Altars:

Annotations:
D:3 Ijyb


Innate Abilities, Weirdness & Mutations

You cannot wear boots.
Your serpentine skin is tough. (AC +1)
You have supernaturally acute eyesight. (SInv)
Armour fits poorly on your strangely shaped body.
Your system is resistant to poisons. (rPois)
You cover ground very slowly.
You have a slow metabolism.
You can spit poison.


Message History

The orc moves out of view.
An orc comes into view.
The orc shouts!
The orc wizard closely misses you.
You riposte.
You hit the orc wizard.
The orc wizard is lightly wounded.
Items here: ( ) [ † a club; a tomahawk; a scale mail; an orc corpse You closely miss the orc wizard.
The orc wizard is lightly wounded.
The orc closely misses you. The orc wizard barely misses you.
You riposte.
You hit the orc wizard but do no damage.
The orc wizard is lightly wounded.
Ijyb barely misses you.
Ijyb zaps a wand.
The bolt of acid hits you!
You are splashed with acid!
The acid burns!
It is a wand of acid (4).
The orc hits you but does no damage.
Ijyb zaps a wand.
The bolt of acid hits you!
* * * LOW HITPOINT WARNING * * *
You are splashed with acid!
The acid burns!
You die...

### #.# ########.##### #
.............####### ##.##
###.###...................
.........###.#######....
.........###.######..#
..............((@.g.#
.........###.#####o.#
.............. oo.#
........##.#.# #...#
###.....##.#.# #...#
........## #.# #.#..
##..... ..# #. #.. #. #.
..


You could see Ijyb and an orc.

Vanquished Creatures
  Crazy Yiuf (D:2)
  A worker ant (D:2)
  2 gnolls
  An adder (D:2)
  2 oozes
  A worm (D:2)
  2 dart slugs
  2 leopard geckos
  2 orcs
  7 bats
  5 giant cockroaches
  7 goblins
  10 hobgoblins
  A jackal (D:2)
  3 frilled lizards (D:2)
  6 kobolds (D:2)
  6 rats
59 creatures vanquished.

Notes
Turn   | Place    | Note
-------+----------+-------------------------------------------
     0 | D:1      | KristoblXynda the Naga Gladiator began the quest for the Orb.
     0 | D:1      | Reached XP level 1. HP: 19/19 MP: 1/1
   115 | D:1      | Reached XP level 2. HP: 23/26 MP: 2/2
   569 | D:1      | Reached XP level 3. HP: 18/32 MP: 3/3
  1005 | D:2      | Reached skill level 1 in Armour
  1005 | D:2      | Reached XP level 4. HP: 15/39 MP: 4/4
  1083 | D:2      | Reached skill level 4 in Long Blades
  1782 | D:2      | Found a runed door.
  1829 | D:2      | Reached XP level 5. HP: 45/45 MP: 5/5
  1942 | D:2      | Noticed Crazy Yiuf
  1946 | D:2      | Killed Crazy Yiuf
  2120 | D:3      | Noticed Ijyb
  2124 | D:3      | HP: 1/45 [Ijyb/wand of acid (4) (19)]
  2124 | D:3      | Splashed by Ijyb's acid

Vault maps used:
D:1:      dpeg_arrival_stonehenge_12_columns, serial_glass, glass_columns_b,
          glass_columns_b, palyth_stone_intersect
D:2:      first_ration, minmay_octomino_c4, uniq_crazy_yiuf_cottage
D:3:      overflow_temple_1_default, kennysheep_vampire_church,
          kennysheep_jessica_study, uniq_ijyb

Skill      XL: |  1  2  3  4 |
---------------+-------------+-----
Throwing       | 2 |  2.0
Armour         | 1 |  1.5
Long Blades    | 4 |  4.6
Dodging        | 3 |  3.2
Fighting       | |  2.0

Action                   |  1- 3 |  4- 6 || total
-------------------------+-------+-------++-------
Melee: Long sword        |    55 |   110 ||   165
 Abil: Spit Poison       |     2 |     6 ||     8
  Use: Scroll            |       |     5 ||     5
  Eat: Chunk             |       |     4 ||     4
Armor: Leather armour    |    13 |       ||    13
       Ring mail         |     3 |    54 ||    57
Dodge: Dodged            |    35 |    90 ||   125
       Rpst.: Long sword |    10 |    24 ||    34

Table legend:
 A = Spawn XP
 B = Non-spawn XP
 C = Spawn XP percentage of total XP
 D = Spawn monster count
 E = Non-spawn monster count
 F = Spawn count percentage of total count
 G = Total turns spent on level
                    A         B        C        D         E        F      G
               +---------+---------+-------+---------+---------+-------+---------
         Total |       0 |     234 |   0.0 |       0 |      59 |   0.0 |  2124
               +---------+---------+-------+---------+---------+-------+---------
           D:1 |       0 |      49 |   0.0 |       0 |      15 |   0.0 |   962
           D:2 |       0 |     156 |   0.0 |       0 |      36 |   0.0 |  1036
           D:3 |       0 |      29 |   0.0 |       0 |       8 |   0.0 |   126
               +---------+---------+-------+---------+---------+-------+---------
